 Dungeon Crawl Stone Soup version 0.31-a0-557-g6e16503903 (webtiles) character file.

Game seed: 13262360196230802361

47 LobsterGuardian the Sneak (level 3, -1/15 HPs)
             Began as a Felid Enchanter on Aug 17, 2023.
             Slain by a phantom (5 damage)
             ... on level 4 of the Dungeon.
             The game lasted 00:06:26 (2426 turns).

LobsterGuardian the Sneak (Felid Enchanter)         Turns: 2426, Time: 00:06:27

Health: -1/15      AC:  3    Str:  4    XL:     3   Next: 48%
Magic:  6/7        EV: 17    Int: 16    God:
Gold:   123        SH:  0    Dex: 16    Spells: 1/6 levels left
                                        Lives:  0   Deaths: 1

rFire   . .          .
                       - Unarmed
rCold   . . .        (shield unavailable)
rNeg    . . .        (body armour unavailable)
rPois   .            (helmet unavailable)
rElec   .            (cloak unavailable)
rCorr   .            (gloves unavailable)
SInv    +            (boots unavailable)
Will    .....        (no amulet)
Stlth   +++          (no ring)
HPRegen 0.22/turn    (no ring)
MPRegen 0.10/turn

%: no passive effects
@: quick
A: very small, claws 1, fangs 3, see invisible, speed 1, shaggy fur 1, stealthy
paws, no weapons or thrown items, no armour, multi-lived, iridescent scales 1,
clumsy 1, robust 1, wild magic 1
a: no special abilities


You were on level 4 of the Dungeon.
You visited 1 branch of the dungeon, and saw 4 of its levels.

You collected 123 gold pieces.

Inventory:

Scrolls
 h - a scroll of silence {unknown}
 j - a scroll of fear {unknown}
 k - a scroll of blinking {unknown}
Potions
 a - 2 potions of invisibility
 b - a potion of enlightenment
 c - a potion of haste
 e - a potion of curing
 f - a potion of lignification
 g - a potion of resistance


   Skills:
 + Level 2.6 Dodging
 * Level 6.4 Stealth
 - Level 1.0 Unarmed Combat
 + Level 2.4 Spellcasting
 + Level 5.3 Hexes
 + Level 0.2 Ice Magic


You had one spell level left.
You knew the following spells:

 Your Spells              Type           Power      Damage    Failure   Level
a - Ensorcelled Hibernat  Hex/Ice        28%        N/A       14%         2
b - Confusing Touch       Hex            24%        N/A       11%         3

Your spell library contained the following spells:

 Spells                   Type           Power      Damage    Failure   Level
 Tukima's Dance           Hex            24%        N/A       11%         3
 Dazzling Flash           Conj/Hex       26%        N/A       28%         3


Dungeon Overview and Level Annotations

Branches:
Dungeon (4/15)
 Temple: D:4-7

Altars:
Gozag
Hepliaklqana

Annotations:
D:4 Eustachio


Innate Abilities, Weirdness & Mutations

You have sharp claws.
You have razor-sharp teeth.
You have supernaturally acute eyesight. (SInv)
You cover ground quickly. (Speed+)
You are covered in fur. (AC +1)
Your paws help you pounce on unaware monsters.
You are incapable of wielding weapons or throwing items.
You cannot wear armour.
You gain extra lives every three experience levels.
You are partially covered in iridescent scales. (AC +2)
You are clumsy. (Dex -2)
You are robust. (+10% HP)
Your spells are a little harder to cast, but a little more powerful.


Message History

There is a stone staircase leading down here.
This spell is astonishingly dangerous to cast!
You start memorising the spell.
You continue memorising. x3
You finish memorising.
Spell assigned to 'b'.
Okay, then.
You climb downwards.
Level annotation: Eustachio
There is a stone staircase leading up here.
A phantom is nearby!
Casting: Ensorcelled Hibernation (safe; 14% risk of failure)
Confirm with . or Enter, or press ? or * to list all spells.
Your paws begin to glow red.
The phantom completely misses you.
You barely miss the phantom. The phantom hits you.
The phantom blinks!
You blink.
You closely miss the phantom. The phantom misses you.
You completely miss the phantom. The phantom misses you.
You miss the phantom.
The phantom hits you but does no damage.
You miss the phantom. The phantom hits you.
Unknown command.
You barely miss the phantom. The phantom misses you.
Unknown command.
You closely miss the phantom.
You scratch the phantom but do no damage.
You bite the phantom.
The phantom is lightly damaged.
The phantom hits you.
* * * LOW HITPOINT WARNING * * *
You scratch the phantom but do no damage.
The phantom is lightly damaged.
Your paws stop glowing.
The phantom closely misses you.
You scratch the phantom.
The phantom is lightly damaged.
The phantom barely misses you.
You scratch the phantom but do no damage.
The phantom is lightly damaged.
The phantom hits you.
You die...

#.#.#.#
#####.....
.....#.# #
..#... .#
#.#..#### .#
#<#.....# .#
#.#.#.#.###.##
#W...........#
#.@.#.#....!#.
#.#.........#
#.###...........
#.# ###....#.#..
#.# ###......#
#.. ..#.#.# ###
#...... ####.#


You could see a phantom.

Vanquished Creatures
  Natasha (D:3)
  2 adders
  A white imp (D:3)
  3 dart slugs
  An orc (D:3)
  3 ball pythons
  3 endoplasms
  2 giant cockroaches
  2 goblins (D:2)
  4 hobgoblins
  3 jackals (D:3)
  5 kobolds
  3 quokkas (D:1)
  9 bats
  2 frilled lizards
  5 rats
49 creatures vanquished.

Notes
Turn   | Place    | Note
-------+----------+-------------------------------------------
     0 | D:1      | LobsterGuardian the Felid Enchanter began the quest for the
                  | Orb.
     0 | D:1      | Reached XP level 1. HP: 7/7 MP: 4/4
   173 | D:1      | Reached XP level 2. HP: 11/11 MP: 6/6
   389 | D:1      | Learned a level 2 spell: Ensorcelled Hibernation
   425 | D:1      | Reached skill level 5 in Stealth
   583 | D:2      | Reached skill level 5 in Hexes
   762 | D:2      | Reached XP level 3. HP: 9/14 MP: 0/7
  1433 | D:2      | Found a faded altar of an unknown god.
  1615 | D:3      | Found an opulent altar of Gozag.
  1652 | D:3      | Reached skill level 6 in Stealth
  1839 | D:3      | Reached XP level 4. HP: 18/18 MP: 8/8
  2062 | D:3      | Noticed Natasha
  2068 | D:3      | Killed Natasha
  2224 | D:3      | Found a hazy altar of Hepliaklqana.
  2328 | D:3      | Gained mutation: You are robust. (+10% HP) [potion of
                  | mutation]
  2328 | D:3      | Gained mutation: You are clumsy. (Dex -2) [potion of
                  | mutation]
  2328 | D:3      | Gained mutation: Your spells are a little harder to cast,
                  | but a little more powerful. [potion of mutation]
  2328 | D:3      | Gained mutation: You are partially covered in iridescent
                  | scales. (AC +2) [potion of mutation]
  2377 | D:4      | Noticed Eustachio
  2386 | D:4      | Slain by an iron imp
  2387 | D:4      | Reached XP level 3. HP: -2/15 MP: 2/7
  2392 | D:4      | Noticed a phantom
  2409 | D:3      | Learned a level 3 spell: Confusing Touch
  2426 | D:4      | Slain by a phantom

Illustrated notes

Levels and vault maps discovered:
D:1:      heliophobic_arrival_battle_scene, layout_rooms
D:2:      minmay_evil_eye, layout_loops_ring,
          hellmonk_ecumenical_altar_prayer_group,
          hangedman_decor_clover_reticule
D:3:      layout_loops_ring, grunt_gozag_breadcrumbs,
          nicolae_hepliaklqana_hippocampus, uniq_natasha
D:4:      layout_loops_ring, serial_glass, glass_columns_a, glass_columns_a,
          glass_columns_a, glass_columns_c, glass_columns_a, glass_columns_b,
          glass_columns_c, glass_columns_b, glass_columns_a, glass_columns_b,
          glass_columns_a, glass_columns_c, glass_columns_b, glass_columns_b,
          uniq_eustachio

Skill      XL: |  1  2  3 |
---------------+----------+-----
Stealth        | 5 6 |  6.4
Hexes          | 5 |  5.3
Dodging        | |  2.6
Unarmed Combat | |  1.0
Spellcasting   | |  2.4
Ice Magic      | |  0.2

Action                     |  1- 3 |  4- 6 || total
---------------------------+-------+-------++-------
  Melee: Unarmed           |   118 |     8 ||   126
         Bite              |     7 |       ||     7
   Cast: Ensorcelled Hiber |    20 |     6 ||    26
         Confusing Touch   |     1 |       ||     1
    Use: Scroll            |     3 |     3 ||     6
         Potion            |       |     2 ||     2
   Stab: Sleeping          |    25 |     7 ||    32
 Armour: Skin              |    10 |     1 ||    11
  Dodge: Dodged            |    87 |    14 ||   101

Table legend: (Time is in decaauts)
 A = Elapsed time spent in this place.
 B = Non-inter-level travel time spent in this place.
 C = Inter-level travel time spent in this place.
 D = Time resting spent in this place.
 E = Time spent auto-exploring this place.
 F = Levels seen in this place.
 G = Mean time per level.
                   A        B        C        D        E       F      G
               +--------+--------+--------+--------+--------+-----+--------+
         Total |   2086 |   1991 |     95 |      0 |   1613 |   4 |  521.5 |
       Dungeon |   2086 |   1991 |     95 |      0 |   1613 |   4 |  521.5 |
               +--------+--------+--------+--------+--------+-----+--------+

Top non-repeatable levels by time:
     D:3: 784 daAuts
     D:2: 778 daAuts
     D:1: 485 daAuts
     D:4: 38 daAuts
